 Dungeon Crawl Stone Soup version 0.19.5 (webtiles) character file.

104 Hybris the Poker (level 4, 0/52 HPs)
             Began as a Demonspawn Berserker on Mar 25, 2017.
             Was a Believer of Trog.
             Slain by Grinder (1 damage)
             ... on level 3 of the Dungeon.
             The game lasted 00:03:46 (2051 turns).

Hybris the Poker (Demonspawn Berserker)             Turns: 2051, Time: 00:03:47

Health: 0/52       AC:  5    Str: 23    XL:     4   Next: 52%
Magic:  0/4        EV: 12    Int:  9    God:    Trog [**....]
Gold:   47         SH:  0    Dex: 12    Spells: 0 memorised, 3 levels left

rFire  . . .     SeeInvis .     a - +0 spear
rCold  . . .     Gourm    .     b - +0 animal skin
rNeg   . . .     Faith    .     (no shield)
rPois  .         Spirit   +     (no helmet)
rElec  .         Reflect  .     (no cloak)
rCorr  .         Harm     .     (no gloves)
MR     .....                    (no boots)
Stlth  ..........               (no amulet)
                                (no ring)
                                (no ring)

@: berserking, very quick
A: yellow scales 2, magic shield
a: Berserk, Trog's Hand, Burn Spellbooks, Renounce Religion


You were on level 3 of the Dungeon.
You worshipped Trog.
Trog was pleased with you.
You were very hungry.

You visited 1 branch of the dungeon, and saw 3 of its levels.

You collected 47 gold pieces.

Inventory:

Hand Weapons
 a - a +0 spear (weapon)
Armour
 b - a +0 animal skin (worn)
Jewellery
 e - a +1 ring of evasion {unknown}
 j - an uncursed ring of magical power {unknown}
Scrolls
 h - 5 scrolls of identify {unknown}
 i - 2 scrolls of enchant weapon {unknown}
 k - a scroll of immolation {unknown}
Potions
 d - a potion of cancellation {unknown}
 g - 3 potions of curing {unknown}
 l - a potion of degeneration {unknown}
Comestibles
 c - 2 bread rations
 f - 2 chunks of flesh


   Skills:
 - Level 3.0 Fighting
 + Level 4.8 Polearms
 - Level 1.7 Armour
 - Level 1.7 Dodging


You had 3 spell levels left.
You didn't know any spells.

Dungeon Overview and Level Annotations

Branches:
Dungeon (3/15)

Altars:
Yredelemnul

Annotations:
D:3 Grinder


Innate Abilities, Weirdness & Mutations

You are mostly covered in yellow scales. (AC +3)
When hurt, damage is shared between your health and your magic reserves.


Message History

* * * LOW HITPOINT WARNING * * *
You closely miss Grinder.
Grinder is moderately wounded.
Grinder hits you.
* * * LOW HITPOINT WARNING * * *
You writhe in agony.
* * * LOW HITPOINT WARNING * * *
You are too berserk!
You hit Grinder.
Grinder is moderately wounded.
Grinder hits you.
* * * LOW HITPOINT WARNING * * *
You writhe in agony.
* * * LOW HITPOINT WARNING * * *
You barely miss Grinder.
Grinder is moderately wounded.
You puncture Grinder!
Grinder is severely wounded.
Grinder hits you.
You die...

########
#......#
#...(..#
#......#
#......#
########......#
#.....@'......#
#.####5#......#
#...............
######.##.......
.... ....$..
#.#.##........ #
#. ........ ##
....... .......


You could see Grinder.

Vanquished Creatures
  Jessica (D:2)
  3 adders (D:2)
  An ooze (D:1)
  4 dart slugs
  2 leopard geckos
  A ball python (D:1)
  3 bats
  A giant cockroach (D:2)
  2 goblins (D:2)
  9 hobgoblins
  3 frilled lizards
  3 kobolds
  6 rats
39 creatures vanquished.

Notes
Turn   | Place    | Note
-------+----------+-------------------------------------------
     0 | D:1      | Hybris the Demonspawn Berserker began the quest for the Orb.
     0 | D:1      | Reached XP level 1. HP: 18/18 MP: 1/1
   174 | D:1      | Reached skill level 3 in Polearms
   216 | D:1      | Gained mutation: You are partially covered in yellow scales. (AC +2) [demonic ancestry]
   216 | D:1      | Reached XP level 2. HP: 22/24 MP: 2/2
   711 | D:2      | Gained mutation: When hurt, damage is shared between your health and your magic reserves. [demonic ancestry]
   711 | D:2      | Reached XP level 3. HP: 29/29 MP: 3/3
   785 | D:2      | Reached skill level 4 in Polearms
   838 | D:2      | Reached ** piety under Trog
  1254 | D:2      | Gained mutation: You are mostly covered in yellow scales. (AC +3) [demonic ancestry]
  1254 | D:2      | Reached XP level 4. HP: 23/35 MP: 2/4
  1464 | D:2      | Noticed Jessica
  1468 | D:2      | Killed Jessica
  1693 | D:2      | Found a basalt altar of Yredelemnul.
  2032 | D:3      | Noticed Grinder
  2049 | D:3      | HP: 1/52 [Grinder (5)]
  2051 | D:3      | Slain by Grinder

Skill      XL: |  1  2  3 |
---------------+----------+-----
Polearms       | 3 4 |  4.8
Fighting       | |  3.0
Armour         | |  1.7
Dodging        | |  1.7

Action                   |  1- 3 |  4- 6 || total
-------------------------+-------+-------++-------
Melee: Spear             |   135 |    45 ||   180
Invok: Berserk           |     2 |     2 ||     4
 Stab: Sleeping          |     3 |     1 ||     4
  Eat: Chunk             |     3 |     3 ||     6
Armor: Animal skin       |    23 |     7 ||    30
Dodge: Dodged            |    79 |     9 ||    88
